 Dungeon Crawl Stone Soup version 0.28.0-53-g5a82cb258f (webtiles) character file.

Game seed: 9708609750681413627

98254 Duralumin the Arsonist (level 15, -9/108 HPs)
             Began as a Demigod Fire Elementalist on Aug 20, 2022.
             Killed from afar by Jorgrun (17 damage)
             ... with a blast of rock fragments
             ... on level 13 of the Dungeon on Aug 21, 2022.
             The game lasted 02:45:01 (33771 turns).

Duralumin the Arsonist (Demigod Fire Elementalist) Turns: 33771, Time: 02:45:01

Health: -9/108     AC: 14    Str:  9    XL:     15   Next: 30%
Magic:  46/46      EV: 14    Int: 46    God:
Gold:   1796       SH:  5    Dex: 14    Spells: 2/40 levels left

rFire   . . .      SeeInvis .   i - staff of conjuration
rCold   . . .      Faith    .   (no shield)
rNeg    + . .      Spirit   .   E - +2 robe {rN+}
rPois   .          Reflect  +   J - +2 helmet {Int+3}
rElec   .          Harm     .   K - +2 cloak
rCorr   .          Rampage  .   I - +0 pair of gloves
Will    +....                   k - +0 pair of boots
Stlth   +++.......              u - amulet of reflection
HPRegen 0.28/turn               U - +6 ring of intelligence
MPRegen 0.30/turn               b - ring of magical power

@: unable to read
A: high MP 1, forlorn, divine attributes, iridescent scales 1, robust 1,
inability to read while threatened
a: no special abilities


You were on level 13 of the Dungeon.
You visited 3 branches of the dungeon, and saw 21 of its levels.
You also visited: Sewer and Ossuary.

You collected 3015 gold pieces.
You spent 1219 gold pieces at shops.

Inventory:

Hand Weapons
 M - a +3 dagger of holy wrath
 N - a +3 dagger of electrocution
Missiles
 g - 11 curare-tipped darts
 L - 2 throwing nets
Armour
 k - a +0 pair of boots (worn)
 v - a +0 cloak of preservation
 E - a +2 robe of positive energy (worn)
 I - a +0 pair of gloves (worn)
 J - a +2 helmet of intelligence (worn)
 K - a +2 cloak (worn)
 O - a +0 buckler
Magical Staves
 i - a staff of conjuration (weapon)
 l - a staff of air
Jewellery
 b - a ring of magical power (right hand)
 e - the ring "Obiw Bamn" {Fly Str+2 Dex+4}
   (You found it on level 12 of the Dungeon)

   [ring of flight]

   Str:       It affects your strength (+2).
   Dex:       It affects your dexterity (+4).
   Fly:       It grants you flight.
 s - a ring of wizardry
 u - an amulet of reflection (around neck)
 U - a +6 ring of intelligence (left hand)
Wands
 w - a wand of flame (61)
 y - a wand of iceblast (6)
 F - a wand of acid (12)
 H - a wand of digging (15)
 V - a wand of paralysis (5)
 W - a wand of polymorph (4)
Scrolls
 a - a scroll of summoning
 d - 2 scrolls of vulnerability
 j - 7 scrolls of teleportation
 m - 3 scrolls of fear
 r - a scroll of silence {unknown}
 A - a scroll of fog
 G - 2 scrolls of magic mapping
 P - a scroll of holy word
Potions
 c - 9 potions of curing
 f - a potion of invisibility
 h - 3 potions of attraction
 n - 2 potions of ambrosia
 o - 2 potions of magic
 p - 4 potions of flight
 t - 3 potions of heal wounds
 x - 5 potions of brilliance
 z - 5 potions of lignification
 D - 2 potions of resistance
 T - a potion of cancellation


   Skills:
 - Level 5.8 Dodging
 - Level 6.4 Stealth
 + Level 13.4 Spellcasting
 - Level 13.5 Conjurations
 + Level 4.9 Translocations
 - Level 13.8 Fire Magic
 + Level 6.8 Earth Magic


You had 2 spell levels left.
You knew the following spells:

 Your Spells              Type           Power      Damage    Failure   Level
a - Foxfire               Conj/Fire      100%       2x1d9     0%          1
b - Scorch                Fire           100%       2d10      0%          2
c - Flame Wave            Conj/Fire      100%       2d17      1%          4
d - Fireball              Conj/Fire      62%        3d24      1%          5
e - Inner Flame           Hex/Fire       76%        N/A       1%          3
f - Starburst             Conj/Fire      62%        6d16      1%          6
g - Stone Arrow           Conj/Erth      100%       3d13      1%          3
h - Iskenderun's Mystic   Conj/Tloc      100%       2d19      1%          4
i - Iron Shot             Conj/Erth      56%        9d11      1%          6
j - Passage of Golubria   Tloc           66%        N/A       1%          4

Your spell library contained the following spells:

 Spells                   Type           Power      Damage    Failure   Level
 Magic Dart               Conj           100%       1d8       0%          1
 Searing Ray              Conj           100%       2d8       0%          2
 Beastly Appendage        Tmut           60%        N/A       1%          1
 Shock                    Conj/Air       100%       1d9       1%          1
 Wereblood                Tmut           30%        N/A       1%          2
 Conjure Flame            Conj/Fire      100%       6-21      0%          3
 Dazzling Flash           Conj/Hex       100%       N/A       1%          3
 Gell's Gravitas          Tloc           66%        N/A       1%          3
 Lesser Beckoning         Tloc           66%        N/A       1%          3
 Portal Projectile        Hex/Tloc       100%       N/A       1%          3
 Teleport Other           Tloc           66%        N/A       1%          3
 Fulminant Prism          Conj/Hex       48%        3d21      1%          4
 Sticky Flame             Conj/Fire      100%       2d11      1%          4
 Lee's Rapid Deconstruct  Erth           38%        3d20*     1%          5
 Ozocubu's Armour         Ice            30%        N/A       2%          3
 Spider Form              Tmut/Pois      30%        N/A       2%          3
 Summon Guardian Golem    Hex/Summ       30%        N/A       2%          3
 Tukima's Dance           Hex            30%        N/A       2%          3
 Cause Fear               Hex            15%        N/A       9%          4
 Dispersal                Tloc           33%        N/A       17%         6
 Blade Hands              Tmut           15%        N/A       22%         5
 Excruciating Wounds      Necr           15%        N/A       22%         5
 Yara's Violent Unravell  Hex/Tmut       15%        3d8       22%         5
 Statue Form              Tmut/Erth      38%        N/A       30%         6
 Summon Cactus Giant      Summ           15%        N/A       77%         6
 Dragon Form              Tmut           15%        N/A       100%        7
 Ozocubu's Refrigeration  Ice            15%        4d8       100%        7
 Dragon's Call            Summ           15%        N/A       100%        9


Dungeon Overview and Level Annotations

Branches:
Dungeon (13/15)            Temple (0/1) D:5            Lair (6/6) D:10
 Shoals (0/4) Lair:4       Spider (0/4) Lair:4        Slime (0/5) Lair:5
    Orc (2/2) D:11            Elf (0/3) Orc:2        Vaults (0/5) D:13
  Sewer (visited)         Ossuary (visited)

Shops:
D:1 =   D:4 !   D:7 [   Orc:2 !*=??

Annotations:
D:13 Jorgrun
Lair:1 3 runed translucent doors, PuuKala's ghost, journeyman GrEE
Orc:2 3 runed translucent doors, exclusion: obsidian statue, Peloso's ghost, journeyman MiFi


Innate Abilities, Weirdness & Mutations

You have an increased reservoir of magic. (+10% MP)
You shall have no god before yourself.
Your divine heritage dramatically boosts your attributes as you level up.
You are partially covered in iridescent scales. (AC +2)
You are robust. (+10% HP)
You sometimes lose the ability to read scrolls when taking damage.


Message History

The manticore bites you but does no damage.
The manticore claws you! The manticore barely misses you.
Jorgrun casts a spell at you. The iron shot hits you!!
The tengu warrior hits you but does no damage.
The tengu warrior pecks you but does no damage.
The tengu warrior claws you but does no damage.
The manticore bites you! The manticore claws you!
The manticore claws you but does no damage.
Jorgrun hits you with a +0 vorpal quarterstaff!
The tengu warrior hits you but does no damage.
The tengu warrior pecks you but does no damage.
The tengu warrior completely misses you.
The manticore bites you.
The manticore claws you but does no damage. x2
Jorgrun hits you with a +0 vorpal quarterstaff.
The tengu warrior hits you with a +4 war axe!
The tengu warrior pecks you but does no damage.
The tengu warrior claws you. The manticore bites you!
The manticore claws you but does no damage. x2
You turn to flesh and can move again.
Blink to where?
Press: ? - help, Dir - move target 3 slime creatures come into view.
As you read the scroll of blinking, it crumbles to dust.
Jorgrun casts a spell next to you.
The wall shatters!
The blast of rock fragments hits you!!
You feel threatened and lose the ability to read scrolls!
* * * LOW HITPOINT WARNING * * *
The slime creature moves out of view.
The slime creature quivers.
Okay, then.
Unknown command.
Unknown command.
Unknown command.
Unknown command.
The slime creature quivers.
Jorgrun casts a spell next to you.
The wall shatters!
The blast of rock fragments hits you!
You die...

#...#......HQ..........
#...#####'#g##.........
#<..# #................
#...# #................
#...###................
#....##.........#######
#....##.....$^..#
####.##.........#
#..@(........#
###........?.#
#.....J......
#.##.......... #
..##...J...... # ..#
...... # ...+ ...J.. #
...# ... # #


You could see Jorgrun and 3 slime creatures.

Vanquished Creatures
  Gastronok (D:8)
  An ironbound preserver (D:13)
  2 fire dragons
  Harold (D:11)
  Josephine (D:10)
  Fannar (Orc:1)
  2 boulder beetles
  9 hydras
  A catoblepas (Lair:6)
  10 two-headed ogres
  6 death yaks
  The ghost of sm0rk the Fighter, a novice OgHu of Trog (D:8)
  3 centaur warriors
  An alligator (Lair:4)
  Nergalle (D:10)
  2 goliath frogs (Lair:6)
  An orb spider (Lair:4)
  4 orc knights
  A wolf spider (D:13)
  2 ugly things
  4 manticores
  5 cyclopes
  A merfolk siren (Lair:4)
  Maurice (D:10)
  5 black mambas
  12 elephants
  2 torpor snails (Lair:6)
  A gargoyle (D:13)
  23 cane toads
  3 unseen horrors
  A kobold demonologist (D:10)
  8 rime drakes
  14 komodo dragons
  6 trolls
  2 polar bears (Lair:3)
  Prince Ribbit (D:9)
  A hornet (D:10)
  8 dream sheep (Lair:4)
  3 tyrant leeches (Lair:6)
  29 blink frogs
  3 shadows
  A spriggan (Lair:2)
  A vampire (D:9)
  8 wraiths
  15 wyverns
  A ynoxinul (D:8)
  3 fire bats (Lair:3)
  98 yaks
  7 basilisks
  3 steam dragons
  12 vampire mosquitoes
  3 wargs
  2 acid dragons
  9 water moccasins
  A hell hound (Lair:6)
  Pargi (Sewer)
  Duvessa (D:7)
  2 sky beasts
  30 orc warriors
  A black bear (Lair:4)
  An ice beast (D:7)
  7 ogres
  15 wolves
  23 centaurs
  4 kobold brigands
  27 bullfrogs
  4 scorpions
  2 gnoll sergeants
  Dowan (D:7)
  5 killer bees (D:9)
  3 wights (D:9)
  4 howler monkeys
  4 jellies
  An electric eel (Lair:2)
  5 centaur zombies
  4 orc priests
  Crazy Yiuf (D:5)
  4 hounds
  2 gnoll shamans
  Natasha (thrice) (D:3)
  5 iguanas
  13 orc wizards
  10 hell rats
  A mummy (Ossuary)
  2 adders
  17 gnolls
  A shadow imp (D:6)
  2 white imps
  2 ufetubi
  5 worms
  2 dart slugs
  32 orcs
  8 ball pythons
  7 bats
  9 endoplasms
  8 giant cockroaches
  6 gnoll skeletons (Ossuary)
  17 goblins
  10 hobgoblins
  4 quokkas
  4 frilled lizards
  13 kobolds
  6 kobold skeletons (Ossuary)
  13 orc skeletons (Ossuary)
  2 quokka skeletons (D:4)
  4 rats
  4 bushes
710 creatures vanquished.

Vanquished Creatures (collateral kills)
  15 foxfires
15 creatures vanquished.

Vanquished Creatures (others)
  A demonic plant (D:1)
  1264 foxfires
  42 fungi
  141 plants
1448 creatures vanquished.

Grand Total: 2173 creatures vanquished

Notes
Turn   | Place    | Note
-------+----------+-------------------------------------------
     0 | D:1      | Duralumin the Demigod Fire Elementalist began the quest for
                  | the Orb.
     0 | D:1      | Reached XP level 1. HP: 14/14 MP: 5/5
    17 | D:1      | Reached skill level 1 in Conjurations
   374 | D:1      | Found Uleonn's Jewellery Shop.
   382 | D:1      | Reached XP level 2. HP: 10/20 MP: 4/7
   645 | D:1      | Learned a level 2 spell: Scorch
  1277 | D:1      | Reached XP level 3. HP: 26/26 MP: 6/9
  2277 | D:3      | Noticed Natasha
  2282 | D:3      | Killed Natasha
  2283 | D:3      | Reached XP level 4. HP: 33/33 MP: 1/10
  2408 | D:3      | Noticed Natasha
  2414 | D:3      | Killed Natasha
  2772 | D:3      | Noticed Natasha
  2775 | D:3      | Killed Natasha
  2926 | D:3      | Reached XP level 5. HP: 37/38 MP: 7/12
  3117 | D:4      | Found Ydykak's Distillery.
  3125 | D:4      | Found a sand-covered staircase.
  3135 | Ossuary  | Entered an ossuary
  3135 | Ossuary  | Noticed a wraith
  3135 | Ossuary  | Noticed a wraith
  3135 | Ossuary  | Noticed a wraith
  3531 | Ossuary  | Noticed a wraith
  3552 | Ossuary  | Killed a wraith
  3553 | Ossuary  | Reached XP level 6. HP: 42/45 MP: 1/14
  3703 | D:4      | Bought a potion of curing for 42 gold pieces
  4878 | D:5      | Entered Level 5 of the Dungeon
  4896 | D:5      | Found a glowing drain.
  4911 | Sewer    | Entered a sewer
  4922 | Sewer    | Noticed Pargi
  4928 | Sewer    | Killed Pargi
  4929 | Sewer    | Reached skill level 5 in Fire Magic
  4929 | Sewer    | Reached XP level 7. HP: 37/50 MP: 5/16
  5159 | Sewer    | Learned a level 4 spell: Flame Wave
  5163 | Sewer    | Learned a level 3 spell: Conjure Flame
  5167 | Sewer    | Learned a level 3 spell: Inner Flame
  5213 | D:5      | Found a staircase to the Ecumenical Temple.
  5554 | D:5      | Found a runed translucent door.
  5555 | D:5      | Noticed Crazy Yiuf
  5563 | D:5      | Killed Crazy Yiuf
  6199 | D:4      | Bought 2 potions of brilliance for 112 gold pieces
  6199 | D:4      | Bought a potion of mutation for 112 gold pieces
  6199 | D:4      | Bought a potion of lignification for 42 gold pieces
  6348 | D:6      | Reached skill level 5 in Conjurations
  6521 | D:6      | Reached skill level 5 in Spellcasting
  6524 | D:6      | Reached XP level 8. HP: 57/57 MP: 4/19
  6934 | D:6      | Noticed a spectral ugly thing
  7722 | D:7      | Found Ulinoira's Antique Armour Boutique.
  7750 | D:7      | Noticed a troll
  7769 | D:7      | Killed a troll
  7841 | D:7      | Noticed Dowan
  7844 | D:7      | Noticed Duvessa
  7844 | D:7      | Killed Dowan
  7849 | D:7      | Killed Duvessa
  8418 | D:8      | Reached XP level 9. HP: 62/62 MP: 15/22
  8743 | D:8      | Found a runed translucent door.
  8743 | D:8      | Noticed sm0rk's ghost (novice OgHu)
 10012 | D:8      | Noticed Gastronok
 10291 | D:9      | Noticed Prince Ribbit
 10295 | D:9      | Killed Prince Ribbit
 10726 | D:9      | Learned a level 6 spell: Starburst
 10739 | D:9      | Reached XP level 10. HP: 41/69 MP: 12/25
 11520 | D:7      | Bought a shiny helmet for 157 gold pieces
 11520 | D:7      | Bought an embroidered cloak for 157 gold pieces
 11660 | D:10     | Entered Level 10 of the Dungeon
 11993 | D:10     | Noticed a centaur warrior
 12001 | D:10     | Killed a centaur warrior
 12126 | D:10     | Noticed a two-headed ogre
 12130 | D:10     | Killed a two-headed ogre
 12239 | D:10     | Noticed Maurice
 12662 | D:10     | Noticed Nergalle
 12672 | D:10     | Killed Nergalle
 12777 | D:10     | Noticed Josephine
 12801 | D:10     | Killed Josephine
 12802 | D:10     | Reached XP level 11. HP: 65/74 MP: 10/28
 13202 | D:10     | Killed Maurice
 13203 | D:10     | Reached skill level 10 in Fire Magic
 13409 | D:10     | Found a staircase to the Lair.
 13989 | D:10     | Reached skill level 10 in Conjurations
 14117 | D:10     | Noticed a two-headed ogre
 14117 | D:10     | Noticed a two-headed ogre
 14135 | D:10     | Killed a two-headed ogre
 14135 | D:10     | Killed a two-headed ogre
 14797 | Lair:1   | Entered Level 1 of the Lair of Beasts
 15189 | Lair:1   | Found a runed translucent gate.
 15189 | Lair:1   | Found a runed translucent gate.
 15189 | Lair:1   | Found a runed translucent gate.
 15189 | Lair:1   | Noticed PuuKala's ghost (journeyman GrEE)
 15222 | Lair:1   | Noticed a four-headed hydra
 15228 | Lair:1   | Reached skill level 10 in Spellcasting
 15229 | Lair:1   | Killed a four-headed hydra
 15318 | Lair:1   | Noticed a six-headed hydra
 15325 | Lair:1   | Killed a six-headed hydra
 15629 | Lair:1   | Reached XP level 12. HP: 81/81 MP: 19/30
 16569 | D:1      | Bought a ring of magical power for 280 gold pieces
 16720 | D:8      | Killed sm0rk's ghost
 16729 | D:8      | Got the Disquisition on the Mountains
 16743 | D:8      | Learned a level 3 spell: Stone Arrow
 16827 | D:8      | Killed Gastronok
 16923 | Lair:1   | Learned a level 4 spell: Iskenderun's Mystic Blast
 17890 | Lair:2   | Noticed a seven-headed hydra
 17896 | Lair:2   | Killed a seven-headed hydra
 19010 | Lair:3   | Reached XP level 13. HP: 66/86 MP: 13/33
 20324 | Lair:4   | You fall into a shaft and drop 2 floors!
 20324 | Lair:6   | Entered Level 6 of the Lair of Beasts
 21321 | Lair:4   | Found a hole to the Spider Nest.
 21659 | Lair:4   | Found a staircase to the Shoals.
 22850 | Lair:5   | Found a staircase to the Slime Pits.
 23866 | Lair:6   | Reached skill level 5 in Stealth
 23868 | Lair:6   | Reached XP level 14. HP: 91/93 MP: 19/35
 24456 | Lair:6   | Reached skill level 5 in Dodging
 25423 | Lair:6   | Identified a scroll of acquirement
 25425 | Lair:6   | Acquired a staff of conjuration
 25725 | Lair:6   | Learned a level 6 spell: Iron Shot
 25730 | Lair:6   | Learned a level 4 spell: Passage of Golubria
 25969 | Lair:6   | Reached skill level 1 in Earth Magic
 27017 | D:11     | Got the Grimoire of Confrontation
 27178 | D:11     | Noticed Harold
 27182 | D:11     | Killed Harold
 27223 | D:11     | Reached skill level 1 in Translocations
 27402 | D:11     | Found a staircase to the Orcish Mines.
 28140 | Lair:1   | Learned a level 5 spell: Fireball
 28177 | Orc:1    | Entered Level 1 of the Orcish Mines
 28190 | Orc:1    | Noticed Fannar
 28194 | Orc:1    | Killed Fannar
 28204 | Orc:1    | Reached skill level 5 in Earth Magic
 28894 | Orc:2    | Entered Level 2 of the Orcish Mines
 28944 | Orc:2    | Found a runed translucent gate.
 28944 | Orc:2    | Found a runed translucent gate.
 28944 | Orc:2    | Found a runed translucent gate.
 28948 | Orc:2    | Noticed Peloso's ghost (journeyman MiFi)
 29029 | Orc:2    | Found a staircase to the Elven Halls.
 30324 | Orc:2    | Found Ulovenepn's Magic Scroll Shop.
 30342 | Orc:2    | Reached XP level 15. HP: 72/99 MP: 27/37
 30449 | Orc:2    | Bought a scroll of teleportation for 51 gold pieces
 30678 | Orc:2    | Found Pavepih's General Store.
 30678 | Orc:2    | Found Bewnen's Jewellery Shop.
 30680 | Orc:2    | Found Ubueng's Distillery.
 30682 | Orc:2    | Found Loleph's Magic Scroll Boutique.
 30691 | Orc:2    | Bought a potion of curing for 42 gold pieces
 30691 | Orc:2    | Bought 2 potions of brilliance for 112 gold pieces
 30959 | Lair:1   | Gained mutation: Your mind is acute. (Int +2) [potion of
                  | mutation]
 30959 | Lair:1   | Gained mutation: You are weak. (Str -2) [potion of
                  | mutation]
 30959 | Lair:1   | Gained mutation: You are clumsy. (Dex -2) [potion of
                  | mutation]
 30960 | Lair:1   | Lost mutation: Your mind is acute. (Int +2) [potion of
                  | mutation]
 30960 | Lair:1   | Lost mutation: You are weak. (Str -2) [potion of mutation]
 30960 | Lair:1   | Lost mutation: You are clumsy. (Dex -2) [potion of
                  | mutation]
 30960 | Lair:1   | Gained mutation: You have hidden genetic defects. [potion
                  | of mutation]
 30960 | Lair:1   | Gained mutation: You are dopey. (Int -2) [potion of
                  | mutation]
 30960 | Lair:1   | Gained mutation: You are very dopey. (Int -4) [potion of
                  | mutation]
 30961 | Lair:1   | Lost mutation: You have hidden genetic defects. [potion of
                  | mutation]
 30961 | Lair:1   | Lost mutation: You are very dopey. (Int -4) [potion of
                  | mutation]
 30961 | Lair:1   | Lost mutation: You are dopey. (Int -2) [potion of mutation]
 30961 | Lair:1   | Gained mutation: You have a pair of small horns on your
                  | head. [potion of mutation]
 30961 | Lair:1   | Gained mutation: A frigid envelope surrounds you and
                  | freezes all who hurt you. [potion of mutation]
 30961 | Lair:1   | Gained mutation: You are partially covered in iridescent
                  | scales. (AC +2) [potion of mutation]
 31053 | Orc:2    | Bought a potion of mutation for 112 gold pieces
 31054 | Orc:2    | Lost mutation: A frigid envelope surrounds you and freezes
                  | all who hurt you. [potion of mutation]
 31054 | Orc:2    | Lost mutation: You have a pair of small horns on your head.
                  | [potion of mutation]
 31054 | Orc:2    | Gained mutation: You sometimes lose the ability to read
                  | scrolls when taking damage. [potion of mutation]
 31054 | Orc:2    | Gained mutation: You are robust. (+10% HP) [potion of
                  | mutation]
 31213 | D:12     | Identified the ring "Obiw Bamn" {Fly Str+2 Dex+4}
 31773 | D:12     | Identified the +7 ring mail of Weceeh {Fly rElec Str+3}
 32359 | D:12     | Got Easy Spellcraft
 32554 | D:13     | Noticed Jorgrun
 33033 | D:13     | Found a gate to the Vaults.
 33771 | D:13     | Killed from afar by Jorgrun

Illustrated notes

Levels and vault maps discovered:
D:1:      evilmike_arrival_plus, layout_loops_ring, serial_shops, shop,
          dreamdust_ecumenical_altar_sealed_demon, nicolae_grassy_gnolls
D:2:      layout_rooms, kennysheep_generic_room_14
D:3:      layout_rooms, mainiacjoe_overflow_alcove_1,
          nicolae_overflow_hidden_temple, uniq_natasha
D:4:      layout_basic, nicolae_ossuary_entry_ruins, serial_shops,
          nicolae_lakefront_shop, kennysheep_decorative_pillar, st_stairs_12,
          minmay_goblin_outpost
D:5:      layout_rooms, grunt_temple_overflow_growth_and_decay,
          minmay_temple_entry_overgrown, cheibrodos_sewer_entry_sluice,
          uniq_crazy_yiuf_cottage
D:6:      layout_loops_ring, regret_index_temple_of_mockery,
          mainiacjoe_overflow_six_doors_small
D:7:      layout_rooms, serial_shops, nicolae_shop_hallway_plus,
          nicolae_concentric_dashed_squares_wild, uniq_duvessa
D:8:      layout_basic, nicolae_overflow_crystal_walls,
          gammafunk_temple_overflow_pools, kennysheep_orc_sif_temple,
          hellmonk_ghost_big_iron, minmay_door_square, uniq_gastronok
D:9:      layout_long_grid, uniq_prince_ribbit1
D:10:     minmay_polygon_palace, layout_layer_cave, hangedman_ru_absence,
          minmay_lair_entry_grove, minmay_microvault, uniq_josephine,
          uniq_maurice, uniq_nergalle
D:11:     layout_irregular_city, orc_0_dummy, uniq_harold
D:12:     nooodl_glass_maze, layout_loops_corners
D:13:     layout_basic, skrybe_vaults_entry_preservation, serial_corexii_hall,
          corexii_hall_statues_i, corexii_hall_statues_s, uniq_jorgrun
Lair:1:   layout_cellular_growth, ebering_ghost_rock_garden, beast_lair_carwin_4
Lair:2:   layout_gridlike, grunt_forest_large_clearing_hut, lemuel_fruit_fields
Lair:3:   dragon1_lemuel, layout_long_grid, serial_bayou_pond_a,
          chequers_serial_rivers_micro_a, cheibrodos_lair_lostbears,
          infiniplex_staircase_pool
Lair:4:   nzn_winding_woodlands_three_and_one
          [nzn_winding_woodlands_5x15_parted, nzn_winding_woodlands_5x15_eye,
          nzn_winding_woodlands_5x15_sidewinder,
          nzn_winding_woodlands_center_triple_pond], layout_gridlike,
          minmay_shoals_entry_lonely_mermaid, nicolae_spider_entry_orb_guardian
Lair:5:   layout_regular_city, nicolae_slime_entry_slimehenge,
          grunt_megastairs_2
Lair:6:   minmay_lair_end_frog_pond, layout_gridlike, special_room
          [special_room_mythical_zoo], nzn_masters_of_martial_movement,
          infiniplex_staircase_pool_2
Orc:1:    layout_caves, uniq_fannar
Orc:2:    st_orc_rangers, layout_diamond_mine, ebering_ghost_gozag, basic_altar,
          serial_shops, nicolae_shop_statue_plus

Skill      XL: |  1  2  3  4  5  6  7  8  9 10 11 12 13 14 15 |
---------------+----------------------------------------------+-----
Conjurations   | 1 2 3 4 5 6 8 9 10 12 13 | 13.5
Spellcasting   | 2 3 4 5 6 7 8 10 11 12 13 | 13.4
Fire Magic     | 3 4 5 7 8 9 11 12 13 | 13.8
Stealth        | 5 6 |  6.4
Dodging        | 4 5 |  5.8
Earth Magic    | 5 6 |  6.8
Translocations | 3 4 |  4.9

Action                   |  1- 3 |  4- 6 |  7- 9 | 10-12 | 13-15 || total
-------------------------+-------+-------+-------+-------+-------++-------
Melee: Unarmed           |     9 |       |       |       |       ||     9
       Dagger            |    13 |    12 |     9 |    20 |    29 ||    83
       Punch             |       |       |       |     1 |     1 ||     2
       Staff             |       |       |       |       |     8 ||     8
 Cast: Foxfire           |    77 |   127 |   159 |   205 |   242 ||   810
       Scorch            |    10 |    28 |    98 |   127 |   119 ||   382
       Flame Wave        |       |       |    10 |     6 |     1 ||    17
       Conjure Flame     |       |       |     2 |     2 |       ||     4
       Starburst         |       |       |       |    66 |   183 ||   249
       Stone Arrow       |       |       |       |       |    10 ||    10
       Fireball          |       |       |       |       |    86 ||    86
       Iron Shot         |       |       |       |       |     6 ||     6
       Passage of Golubr |       |       |       |       |     2 ||     2
       Iskenderun's Myst |       |       |       |       |     1 ||     1
  Use: Scroll            |       |     7 |     2 |     5 |    18 ||    32
       Potion            |       |     3 |     2 |     1 |     6 ||    12
Armor: Robe              |    18 |     9 |    13 |    54 |    77 ||   171
Dodge: Dodged            |    41 |    15 |    45 |    66 |   134 ||   301
Block: Other             |       |       |       |     3 |    43 ||    46
       Reflection        |       |       |       |       |     9 ||     9
